 Dungeon Crawl Stone Soup version 0.23.2-40-g277498a (webtiles) character file.

Game seed: 3893221013758382153

5593 CrazyJ the Summoner (level 11, -4/75 HPs)
             Began as a Formicid Summoner on Sept 14, 2019.
             Was a Believer of Hepliaklqana.
             Slain by a killer bee (9 damage)
             ... on level 7 of the Dungeon.
             The game lasted 01:15:21 (10505 turns).

CrazyJ the Summoner (Formicid Summoner)            Turns: 10505, Time: 01:15:21

Health: -4/75      AC:  6    Str: 16    XL:     11   Next: 3%
Magic:  19/21      EV: 14    Int: 24    God:    Hepliaklqana [**....]
Gold:   472        SH:  0    Dex: 11    Spells: 2/24 levels left

rFire    . . .     SeeInvis +   O - +4 trident (pierce)
rCold    . . .     Gourm    .   (no shield)
rNeg     + . .     Faith    .   G - +2 robe {rN+}
rPois    .         Spirit   .   (helmet unavailable)
rElec    .         Reflect  .   (no cloak)
rCorr    .         Harm     .   u - +1 pair of gloves
MR       +....                  (no boots)
Stlth    ++........             (no amulet)
HPRegen  0.22/turn              F - +3 ring of strength
MPRegen  0.17/turn              r - +6 ring of intelligence

@: lethally poisoned (-4 -> -12), sluggish, very slow
A: permanent stasis, dig shafts and tunnels, four strong arms, reduced essence,
antennae 3
a: Dig, Shaft Self, Recall Ancestor, Ancestor Identity, Renounce Religion


You were on level 7 of the Dungeon.
You worshipped Hepliaklqana.
Hepliaklqana was pleased with you.
You were not hungry.

You visited 2 branches of the dungeon, and saw 9 of its levels.

You collected 472 gold pieces.

Inventory:

Hand Weapons
 b - a +0 hunting sling
 h - a +1 dagger of speed
 j - a +0 short sword
 l - a +3 falchion of flaming
 t - a +0 quarterstaff
 v - a +0 scythe
 M - a +0 trident
 O - a +4 trident of piercing (weapon)
Missiles
 e - 319 stones (quivered)
 m - 7 javelins
 o - 38 poisoned needles
 A - 7 curare-tipped needles
 P - 58 sling bullets
Armour
 a - a +0 robe
 d - a +0 pair of gloves
 u - a +1 pair of gloves (worn)
 C - a +0 leather armour
 G - a +2 robe of positive energy (worn)
 N - a +0 shield
Jewellery
 p - an uncursed ring of teleportation
 r - a +6 ring of intelligence (right hand)
 w - a +2 ring of dexterity
 y - an uncursed ring of attention
 E - an uncursed ring of flight
 F - a +3 ring of strength (left hand)
 H - an uncursed amulet of guardian spirit
 K - a +2 ring of intelligence
 L - an uncursed amulet of faith
Wands
 n - a wand of random effects (25)
 B - a wand of iceblast (23)
 I - a wand of flame (16)
 J - a wand of polymorph (14)
Scrolls
 k - a scroll of magic mapping {unknown}
 s - 4 scrolls of identify
 x - 2 scrolls of random uselessness
 D - a scroll of enchant weapon {unknown}
Potions
 f - 2 potions of brilliance
 g - a potion of haste {unknown}
 q - 2 potions of flight
 z - 3 potions of lignification
Comestibles
 c - 9 rations
 i - a chunk of flesh


   Skills:
 + Level 7.2 Fighting
 + Level 6.0 Polearms
 + Level 7.0 Armour
 + Level 5.6 Dodging
 - Level 4.1 Stealth
 + Level 7.0 Spellcasting
 * Level 7.4 Hexes
 + Level 9.7 Summonings
 * Level 2.2 Ice Magic
 * Level 1.6 Air Magic


You had 2 spell levels left.
You knew the following spells:

 Your Spells              Type           Power        Failure   Level  Hunger
a - Summon Small Mammal   Summ           ####         1%          1    None
b - Call Imp              Summ           ######..     1%          2    None
c - Call Canine Familiar  Summ           ######..     1%          3    None
d - Summon Guardian Gole  Hex/Summ       #####...     1%          3    None
e - Summon Ice Beast      Ice/Summ       #####...     6%          4    ###....
f - Summon Lightning Spi  Summ/Air       #####...     7%          4    ###....
g - Tukima's Dance        Hex            #####...     1%          3    None
h - Swiftness             Chrm/Air       ##......     8%          2    None

Your spell library contained the following spells:

 Spells                   Type           Power        Failure   Level  Hunger
 Corona                   Hex            #####..      1%          1    None
 Ensorcelled Hibernation  Hex/Ice        ####..       1%          2    None
 Shock                    Conj/Air       ##..         4%          1    None
 Confuse                  Hex            #####...     1%          3    None
 Dazzling Spray           Conj/Hex       ####..       4%          3    None
 Static Discharge         Conj/Air       ##......     16%         3    None
 Airstrike                Air            ###.......   34%         4    ###....
 Lightning Bolt           Conj/Air       ##........   80%         5    #####..


Dungeon Overview and Level Annotations

Branches:
Dungeon (8/15)             Temple (1/1) D:5
   Lair: D:8-11

Altars:
Ashenzari
Dithmenos
Elyvilon
Fedhas
Hepliaklqana
Kikubaaqudgha
Makhleb
Qazlal
Ru
Uskayaw
Vehumet
Wu Jian
Xom
Yredelemnul
The Shining One

Shops:
D:4 *   D:5 [   D:8 %


Innate Abilities, Weirdness & Mutations

You cannot be hasted, slowed, berserked, paralysed or teleported.
You can dig through walls and to a lower floor.
Your four strong arms can wield two-handed weapons with a shield.
You have a pair of large antennae on your head. (SInv)
Your life essence is reduced to manifest your ancestor. (-10% HP)


Message History

You climb upwards.
You feel sick.
There is a stone staircase leading down here.
Casting: Swiftness (safe; 8% risk of failure)
Confirm with . or Enter, or press ? or * to list all spells.
Okay, then.
Okay, then.
Ahhotep is recalled.
You feel sluggish.
You feel sick. The killer bee closely misses you. The killer bee stings you.
* * * LOW HITPOINT WARNING * * *
The killer bee barely misses you. x2
Casting: Swiftness (safe; 8% risk of failure)
Confirm with . or Enter, or press ? or * to list all spells.
Okay, then.
The killer bee stings you.
* * * LOW HITPOINT WARNING * * *
You are lethally poisoned!
The killer bee poisons you! The killer bee closely misses you.
The killer bee stings you!
You die...

## #####################
#. #..............#....#
#. #..............'....#
#. #..............#R...#
#.
#.....####...####'#######.
#.....####y..#............
#........@>..#............
#........Ry..#............
#...(........#............
#............#............
#..........).#..........##
#............#..........#.
#............#..........#.
#............#..........#.
#............#..........#.


You could see the friendly Ahhotep the knight and 2 killer bees.

Vanquished Creatures
  Prince Ribbit (D:6)
  Eustachio (D:5)
  A phantom (D:8)
  A centaur (D:6)
  A big kobold (D:5)
  A bullfrog (D:8)
  A scorpion (D:6)
  A wyvern skeleton (D:8)
  An orc wizard (D:4)
  3 worker ants
  A gnoll (D:7)
  3 adders
  An ooze (D:3)
  3 adder skeletons
  A worm (D:3)
  2 dart slugs
  2 leopard geckos (D:1)
  2 orcs (D:5)
  7 bats
  5 giant cockroaches
  4 goblins
  4 hobgoblins
  6 jackals
  13 kobolds
  2 quokkas
  3 ball pythons
  7 frilled lizards
  A hobgoblin zombie (D:7)
  8 rats
87 creatures vanquished.

Vanquished Creatures (collateral kills)
  Pikel (D:5)
  Joseph (D:7)
  A troll (D:8)
  Grinder (D:6)
  A hippogriff (D:7)
  Sigmund (D:2)
  Grum (D:8)
  4 ice beasts
  A sky beast (D:8)
  4 slaves (D:5)
  2 phantoms
  3 centaurs
  5 ogres
  2 wolves (D:8)
  A gnoll sergeant (D:7)
  Dowan (D:4)
  2 scorpions
  2 howler monkeys
  3 crimson imps
  3 jellies
  2 hounds
  2 orc priests (D:5)
  2 iguanas
  4 orc wizards
  3 worker ants
  2 hound skeletons
  A worker ant zombie (D:4)
  3 gnolls
  11 adders
  3 shadow imps
  2 oozes (D:7)
  An adder skeleton (D:6)
  4 worms
  A dart slug (D:1)
  A leopard gecko (D:2)
  8 orcs
  2 giant cockroaches
  A goblin (D:2)
  A hobgoblin (D:2)
  11 jackals
  17 kobolds
  A quokka (D:5)
  2 bats
  A frilled lizard (D:4)
  A goblin skeleton (D:7)
  2 goblin zombies (D:7)
  A kobold zombie (D:7)
  A leopard gecko zombie (D:5)
  An orc zombie (D:7)
  A rat (D:2)
  A plant (D:5)
134 creatures vanquished.

Vanquished Creatures (others)
  Duvessa (D:4)
  3 plants (D:5)
4 creatures vanquished.

Grand Total: 225 creatures vanquished

Notes
Turn   | Place    | Note
-------+----------+-------------------------------------------
     0 | D:1      | CrazyJ the Formicid Summoner began the quest for the Orb.
     0 | D:1      | Reached XP level 1. HP: 13/13 MP: 3/3
   108 | D:1      | Reached XP level 2. HP: 19/19 MP: 5/5
   356 | D:1      | Learned a level 2 spell: Call Imp
   667 | D:1      | Reached XP level 3. HP: 6/25 MP: 6/6
   966 | D:1      | Learned a level 3 spell: Call Canine Familiar
   990 | D:1      | Reached skill level 1 in Fighting
  1136 | D:1      | Reached skill level 1 in Armour
  1856 | D:2      | Noticed Sigmund
  1864 | D:2      | Killed Sigmund
  1864 | D:2      | Reached XP level 4. HP: 33/33 MP: 3/8
  1864 | D:2      | Reached XP level 5. HP: 38/38 MP: 3/9
  2288 | D:2      | Learned a level 3 spell: Summon Guardian Golem
  2522 | D:2      | HP: 1/38 [leopard gecko (1)]
  3621 | D:3      | Found a blossoming altar of Fedhas.
  4047 | D:3      | Reached XP level 6. HP: 38/44 MP: 10/10
  4480 | D:3      | Reached skill level 1 in Hexes
  4810 | D:4      | Noticed an ogre
  4821 | D:4      | Killed an ogre
  5244 | D:4      | Reached skill level 1 in Polearms
  5286 | D:4      | Reached XP level 7. HP: 51/51 MP: 9/12
  5648 | D:4      | Reached skill level 5 in Summonings
  5684 | D:4      | Noticed Dowan
  5691 | D:4      | Noticed Duvessa
  5706 | D:4      | Killed Dowan
  5707 | D:4      | Killed Duvessa
  5981 | D:4      | Found Quorchane's Elemental Accessories.
  6002 | D:4      | Learned a level 4 spell: Summon Ice Beast
  6157 | D:5      | Entered Level 5 of the Dungeon
  6520 | D:5      | Found a staircase to the Ecumenical Temple.
  6640 | D:5      | HP: 1/52 [orc priest/divine providence (16)]
  6643 | D:5      | Reached skill level 5 in Fighting
  6643 | D:5      | Reached skill level 5 in Armour
  6643 | D:5      | Reached skill level 5 in Spellcasting
  6643 | D:5      | Reached skill level 5 in Hexes
  6643 | D:5      | Reached skill level 8 in Summonings
  6643 | D:5      | Reached XP level 8. HP: 2/64 MP: 4/16
  6644 | D:5      | Reached skill level 5 in Polearms
  6644 | D:5      | Reached skill level 5 in Dodging
  6644 | D:5      | Reached skill level 9 in Summonings
  6644 | D:5      | Reached XP level 9. HP: 3/71 MP: 4/19
  6647 | D:5      | Noticed Pikel
  6673 | D:5      | Learned a level 4 spell: Summon Lightning Spire
  6721 | D:5      | Reached XP level 10. HP: 43/77 MP: 20/20
  6793 | Temple   | Entered the Ecumenical Temple
  6847 | Temple   | Became a worshipper of Hepliaklqana the Forgotten
  7362 | D:5      | Noticed Eustachio
  7370 | D:5      | Killed Eustachio
  7407 | D:5      | Killed Pikel
  7590 | D:5      | Found Goseavak's Armour Shop.
  8153 | D:6      | Noticed Prince Ribbit
  8160 | D:6      | Reached * piety under Hepliaklqana
  8165 | D:6      | Killed Prince Ribbit
  8165 | D:6      | Reached skill level 1 in Ice Magic
  8258 | D:6      | Noticed Grinder
  8273 | D:6      | Killed Grinder
  8390 | D:6      | Reached skill level 1 in Air Magic
  8760 | D:6      | Learned a level 3 spell: Tukima's Dance
  9398 | D:7      | Found a glowing golden altar of the Shining One.
  9609 | D:7      | Noticed Joseph
  9620 | D:7      | Killed Joseph
  9780 | D:7      | Learned a level 2 spell: Swiftness
 10104 | D:8      | Reached ** piety under Hepliaklqana
 10108 | D:8      | Remembered your ancestor Ahhotep as a knight
 10324 | D:8      | Noticed Grum
 10343 | D:8      | Killed Grum
 10347 | D:8      | Found a stormy altar of Qazlal.
 10370 | D:8      | Reached XP level 11. HP: 19/75 MP: 3/21
 10484 | D:8      | Found Niadaus's Food Emporium.
 10505 | D:7      | Slain by a killer bee

Skill      XL: |  1  2  3  4  5  6  7  8  9 10 |
---------------+-------------------------------+-----
Fighting       | 2 5 6 7 |  7.2
Armour         | 1 2 5 6 7 |  7.0
Stealth        | 3 4 |  4.1
Spellcasting   | 3 5 6 7 |  7.0
Hexes          | 1 5 7 |  7.4
Polearms       | 1 4 5 6 |  6.0
Summonings     | 8 9 |  9.7
Dodging        | 4 5 |  5.6
Ice Magic      | 2 |  2.2
Air Magic      | 1 |  1.6

Action                   |  1- 3 |  4- 6 |  7- 9 | 10-12 || total
-------------------------+-------+-------+-------+-------++-------
Melee: Dagger            |    42 |       |       |       ||    42
       Unarmed           |     2 |       |       |       ||     2
       Short sword       |    44 |   123 |       |       ||   167
       Scythe            |       |    59 |    58 |    60 ||   177
       Trident           |       |       |       |   108 ||   108
 Cast: Call Imp          |     3 |     9 |     5 |     1 ||    18
       Summon Small Mamm |     2 |     2 |       |       ||     4
       Call Canine Famil |     1 |    22 |    11 |     9 ||    43
       Summon Guardian G |       |     2 |     6 |     5 ||    13
       Summon Ice Beast  |       |       |       |    12 ||    12
       Tukima's Dance    |       |       |       |     6 ||     6
       Summon Lightning  |       |       |       |     5 ||     5
       Swiftness         |       |       |       |     3 ||     3
Invok: Ancestor Life: Kn |       |       |       |     1 ||     1
       Recall Ancestor   |       |       |       |     1 ||     1
Evoke: Wand              |       |       |     5 |       ||     5
  Use: Scroll            |       |     5 |     4 |     4 ||    13
       Potion            |       |       |    12 |     3 ||    15
 Stab: Sleeping          |     9 |     4 |       |     4 ||    17
       Distracted        |       |       |       |     3 ||     3
  Eat: Chunk             |     3 |    14 |     2 |    12 ||    31
       Ration            |       |       |     1 |     1 ||     2
Armor: Robe              |    20 |    59 |    40 |    30 ||   149
       Skin              |       |       |    13 |       ||    13
Dodge: Dodged            |    38 |   162 |    77 |   130 ||   407
